 Dungeon Crawl Stone Soup version 0.26.1-11-gd32895ea62 (webtiles) character file.

Game seed: 13190752935628214460

4788 ubername the Frost Mage (level 10, -16/68 HPs)
             Began as a Barachi Ice Elementalist on July 14, 2021.
             Was a Priest of Vehumet.
             Demolished by Harold
             ... wielding a +1 glaive of venom
              (17 damage)
             ... on level 10 of the Dungeon.
             The game lasted 00:28:01 (11818 turns).

ubername the Frost Mage (Barachi Ice Elementalist) Turns: 11818, Time: 00:28:02

Health: -16/68     AC: 13    Str:  9    XL:     10   Next: 47%
Magic:  18/23      EV:  7    Int: 19    God:    Vehumet [***...]
Gold:   379        SH:  0    Dex: 13    Spells: 11/27 levels left

rFire    . . .     SeeInvis +   a - +3 short sword
rCold    . . .     Faith    +   (no shield)
rNeg     . . .     Spirit   .   m - +1 robe
rPois    .         Reflect  .   n - +0 helmet
rElec    .         Harm     .   (no cloak)
rCorr    .         Rampage  .   l - +0 pair of gloves
Will     .....                  (no boots)
Stlth    ++........             s - amulet of faith
HPRegen  0.21/turn              h - ring of see invisible
MPRegen  0.18/turn              (no ring)

@: lethally poisoned (-16 -> -31), icy armour, about to teleport, can't hop,
frozen ramparts, held, slow
A: +LOS, swims, slowness 1, strong legs 1
a: Hop, Renounce Religion


You were on level 10 of the Dungeon.
You worshipped Vehumet.
Vehumet was most pleased with you.
You visited 2 branches of the dungeon, and saw 12 of its levels.

You collected 592 gold pieces.
You spent 213 gold pieces at shops.

Inventory:

Hand Weapons
 a - a +3 short sword (weapon)
 b - a +0 hunting sling
 e - a +1 dagger
 F - a +1 dagger of venom
 H - a +3 dagger
Missiles
 g - 282 stones (quivered)
 t - 70 sling bullets
 x - 5 atropa-tipped darts
 D - 12 poisoned darts
 G - a javelin
Armour
 l - a +0 pair of gloves (worn)
 m - a +1 robe (worn)
 n - a +0 helmet (worn)
Magical Staves
 z - an uncursed staff of air
Jewellery
 h - a ring of see invisible (left hand)
 s - an amulet of faith (around neck)
 u - an uncursed amulet of guardian spirit
Wands
 p - a wand of disintegration (36)
 y - a wand of iceblast (5)
 I - a wand of digging (3)
Scrolls
 c - 10 scrolls of remove curse
 d - 4 scrolls of teleportation
 f - a scroll of identify
 j - 5 scrolls of enchant weapon
 k - a scroll of amnesia
 q - 2 scrolls of enchant armour
 r - 2 scrolls of magic mapping
 A - 3 scrolls of fear
 C - a scroll of fog
 J - a scroll of silence
Potions
 i - 2 potions of ambrosia
 o - 3 potions of curing
 w - 2 potions of haste
 B - 2 potions of flight
 E - a potion of lignification
 K - a potion of brilliance
 L - a potion of magic {unknown}


   Skills:
 + Level 2.5 Fighting
 - Level 4.4 Short Blades
 - Level 1.6(3.5) Slings
 + Level 5.0(5.1) Throwing
 + Level 4.3 Dodging
 - Level 3.3 Stealth
 * Level 9.2 Spellcasting
 + Level 2.2 Conjurations
 * Level 3.3 Hexes
 + Level 10.1 Ice Magic


You had 11 spell levels left.
You knew the following spells:

 Your Spells              Type           Power        Failure   Level
a - Freeze                Ice            100%         1%          1
b - Frozen Ramparts       Ice            94%          1%          3
c - Ozocubu's Armour      Ice            47%          1%          3
d - Hailstorm             Conj/Ice       32%          1%          4
e - Tukima's Dance        Hex            21%          6%          3
f - Searing Ray           Conj           34%          1%          2

Your spell library contained the following spells:

 Spells                   Type           Power        Failure   Level
 Static Discharge         Conj/Air       13%          4%          3
 Corona                   Hex            23%          1%          1
 Magic Dart               Conj           68%          1%          1
 Ensorcelled Hibernation  Hex/Ice        68%          1%          2
 Dazzling Flash           Conj/Hex       38%          2%          3
 Slow                     Hex            21%          3%          2
 Conjure Flame            Conj/Fire      13%          4%          3
 Mephitic Cloud           Conj/Pois/Air  11%          5%          3
 Confusing Touch          Hex            21%          6%          3
 Animate Skeleton         Necr           16%          9%          1
 Apportation              Tloc           16%          9%          1
 Summon Small Mammal      Summ           32%          9%          1
 Summon Ice Beast         Ice/Summ       28%          10%         4
 Blink                    Tloc           N/A          12%         2
 Call Imp                 Summ           8%           12%         2


Dungeon Overview and Level Annotations

Branches:
Dungeon (11/15)            Temple (1/1) D:6            Lair (0/6) D:8
    Orc: D:9-12

Altars:
Cheibriados
Dithmenos
Elyvilon
Fedhas
Gozag
Makhleb
Nemelex Xobeh
Okawaru
Ru
Sif Muna
Trog
Vehumet
Xom
Yredelemnul
Zin

Shops:
D:5 [   D:6 ([*   D:8 =

Annotations:
D:4 1 runed translucent door, Crazy Yiuf
D:10 Harold, Snorg


Innate Abilities, Weirdness & Mutations

You can be seen from farther away. (+LOS)
You can swim through water.
You cover ground slowly.
You can hop short distances.


Message History

Casting: Searing Ray (safe; 1% risk of failure)
Confirm with . or Enter, or press ? or * to list all spells.
Casting: Frozen Ramparts (safe; 1% risk of failure)
Press: ? - help, Dir - look around, f - activate The walls around you are covered in ice.
You feel sick.
The wall freezes the orc wizard.
The orc wizard hits you but does no damage.
The wall freezes Harold!
Harold hits you from afar with a +1 glaive of venom!
* * * LOW HITPOINT WARNING * * *
You are lethally poisoned!
The wall freezes the orc wizard.
You kill the orc wizard!
Vehumet accepts your kill.
You feel your power returning.
Snorg goes berserk!
The sentinel's mark upon you fades away.
* * * LOW HITPOINT WARNING * * *
You feel sick.
The wall freezes Harold.
Harold hits you from afar with a +1 glaive of venom!
You die...

.... ...... .......
.T..... ...?... .......
###########.......
.......†@)[.......
#########T).......
#@.####### #..#
##..##############
.............>(........
..............(.......c
.......................
######.................


You could see Snorg (berserk) and Harold.

Vanquished Creatures
  A komodo dragon (D:8)
  A troll (D:10)
  A meliai zombie (D:9)
  4 yaks (D:9)
  An ice beast (D:9)
  3 orc warriors
  2 sky beasts
  An eye of draining (D:9)
  A necrophage (D:8)
  3 ogres
  5 centaurs
  2 big kobolds (D:8)
  5 bullfrogs
  A scorpion (D:6)
  5 jellies
  5 killer bees (D:8)
  6 howler monkeys
  3 centaur zombies
  3 orc priests
  A centaur skeleton (D:7)
  4 hounds
  4 orc wizards
  2 bullfrog skeletons
  4 iguanas
  9 worker ants
  2 killer bee zombies
  A hound skeleton (D:5)
  Robin (D:4)
  9 adders
  2 shadow imps
  An ufetubus (D:6)
  An adder zombie (D:8)
  2 worms
  2 dart slugs
  2 leopard geckos
  17 orcs
  2 bats
  5 giant cockroaches
  13 goblins
  7 hobgoblins
  8 jackals
  20 kobolds
  2 quokkas
  5 frilled lizards
  A leopard gecko skeleton (D:4)
  A leopard gecko zombie (D:6)
  A quokka skeleton (D:7)
  5 rats
187 creatures vanquished.

Vanquished Creatures (others)
  28 plants
28 creatures vanquished.

Grand Total: 215 creatures vanquished

Notes
Turn   | Place    | Note
-------+----------+-------------------------------------------
     0 | D:1      | ubername the Barachi Ice Elementalist began the quest for
                  | the Orb.
     0 | D:1      | Reached XP level 1. HP: 13/13 MP: 3/3
    88 | D:1      | Reached skill level 5 in Ice Magic
   211 | D:1      | Reached XP level 2. HP: 19/19 MP: 3/5
  1361 | D:2      | Reached XP level 3. HP: 24/24 MP: 2/6
  1365 | D:2      | Learned a level 3 spell: Frozen Ramparts
  1697 | D:2      | Found a shimmering altar of Xom.
  2298 | D:3      | Found a basalt altar of Yredelemnul.
  2640 | D:3      | Reached XP level 4. HP: 30/30 MP: 4/8
  2718 | D:3      | Reached skill level 6 in Ice Magic
  2881 | D:3      | Found a faded altar of an unknown god.
  3174 | D:4      | Found a sacrificial altar of Ru.
  3276 | D:4      | Noticed Robin
  3285 | D:4      | Killed Robin
  3287 | D:4      | Reached XP level 5. HP: 34/35 MP: 5/9
  3414 | D:4      | Found a runed translucent door.
  3415 | D:4      | Noticed Crazy Yiuf
  3994 | D:4      | Noticed an ogre
  4005 | D:4      | Killed an ogre
  4006 | D:4      | Reached skill level 1 in Throwing
  4006 | D:4      | Reached XP level 6. HP: 22/41 MP: 5/12
  4152 | D:4      | Found a sparkling altar of Nemelex Xobeh.
  4280 | D:5      | Entered Level 5 of the Dungeon
  4540 | D:5      | Learned a level 3 spell: Ozocubu's Armour
  4642 | D:5      | Found a burning altar of Makhleb.
  4744 | D:5      | Found Hueqeheu's Antique Armour Shop.
  4760 | D:5      | Reached skill level 7 in Ice Magic
  4760 | D:5      | Reached XP level 7. HP: 44/47 MP: 7/13
  4818 | D:5      | Bought a pair of encrusted boots for 180 gold pieces
  4823 | D:5      | Identified the +0 pair of boots "Ekyjeck" {-Cast rPois
                  | Str+4} (You bought it in a shop on level 5 of the Dungeon)
  5043 | D:5      | Learned a level 4 spell: Hailstorm
  5119 | D:5      | Learned a level 3 spell: Tukima's Dance
  5577 | D:6      | Found a staircase to the Ecumenical Temple.
  5603 | Temple   | Entered the Ecumenical Temple
  5632 | Temple   | Became a worshipper of Vehumet
  5727 | D:6      | Found Nust's Assorted Antiques.
  5786 | D:6      | Reached skill level 1 in Short Blades
  5786 | D:6      | Reached skill level 5 in Spellcasting
  6225 | D:6      | Reached skill level 1 in Fighting
  6581 | D:6      | Found Xegyegex's Antique Armour Boutique.
  6612 | D:6      | Reached XP level 8. HP: 50/54 MP: 9/16
  7065 | D:6      | Found Cudic's Weapon Boutique.
  7070 | D:6      | Bought 5 atropa-tipped darts for 33 gold pieces
  7180 | D:7      | Reached skill level 8 in Ice Magic
  7233 | D:7      | Found a white marble altar of Elyvilon.
  7343 | D:7      | Reached * piety under Vehumet
  7343 | D:7      | Offered knowledge of Shock by Vehumet.
  7976 | D:7      | Found an iron altar of Okawaru.
  8357 | D:8      | Reached XP level 9. HP: 61/61 MP: 10/19
  8517 | D:8      | Reached skill level 1 in Conjurations
  8709 | D:8      | Offered knowledge of Searing Ray by Vehumet.
  8710 | D:8      | Reached ** piety under Vehumet
  9024 | D:8      | Reached skill level 9 in Ice Magic
  9562 | D:8      | Found a staircase to the Lair.
  9647 | D:8      | Reached skill level 1 in Slings
  9802 | D:8      | Noticed a komodo dragon
  9816 | D:8      | Killed a komodo dragon
  9936 | D:8      | Found Oderuuha's Jewellery Boutique.
 10096 | D:9      | Learned a level 2 spell: Searing Ray
 10180 | D:9      | Reached skill level 1 in Hexes
 10537 | D:9      | Offered knowledge of Static Discharge by Vehumet.
 10538 | D:9      | Reached XP level 10. HP: 22/67 MP: 2/22
 11469 | D:9      | Found a shimmering blue altar of Sif Muna.
 11615 | D:9      | Reached *** piety under Vehumet
 11616 | D:9      | Reached skill level 5 in Throwing
 11620 | D:9      | Reached skill level 10 in Ice Magic
 11620 | D:9      | Noticed an unseen horror
 11638 | D:10     | Entered Level 10 of the Dungeon
 11812 | D:10     | Noticed Harold
 11813 | D:10     | Noticed Snorg
 11817 | D:10     | HP: 3/68 [Harold/+1 glaive of venom (7)]
 11818 | D:10     | HP: 1/68 [poisoned by Harold]
 11818 | D:10     | Demolished by Harold

Illustrated notes

Levels and vault maps discovered:
D:1:      amcnicky_arrival_blooded_trapdoor, layout_basic
D:2:      layout_basic, marbit_many_paths, hex_tiny, minmay_pentomino_x2
D:3:      layout_loops_ring, yredelemnul_altar_generic,
          chequers_ecumenical_altar_simple
D:4:      layout_basic, kennysheep_little_box, nicolae_ru_awakened_eye,
          uniq_crazy_yiuf_cottage, uniq_robin
D:5:      layout_basic, lemuel_round_altar, serial_shops,
          nicolae_shop_overgrown_old_shop, minmay_misc_feat_columns,
          kennysheep_windowed_goal
D:6:      hangedman_cross_stitches, layout_basic, minmay_temple_entry_tees,
          serial_shops, shop, kennysheep_mini_moat, shop
D:7:      layout_gridville, elyvilon_altar_5, lemuel_crystal_altar
D:8:      layout_basic, david_lair_shrubbed, serial_shops,
          nicolae_shop_behind_doors
D:9:      layout_layer_cave, lemuel_round_altar,
          onia_ninara_dug_in_and_dangerous
D:10:     layout_long_grid, orc_0_dummy, uniq_snorg, uniq_joseph, uniq_harold
D:11:     layout_gridville, kennysheep_opposing_triangles, uniq_sonja
Temple:   regret_index_temple_waves

Skill      XL: |  1  2  3  4  5  6  7  8  9 10 |
---------------+-------------------------------+-----
Ice Magic      | 5 6 7 8 9 10 | 10.1
Stealth        | 2 3 |  3.3
Spellcasting   | 3 4 5 6 8 9 |  9.2
Throwing       | 1 2 3 4 5 |  5.0
Short Blades   | 1 3 4 |  4.4
Dodging        | 3 4 |  4.3
Fighting       | 1 2 |  2.5
Conjurations   | 1 2 |  2.2
Slings         | 1 |  1.6
Hexes          | 2 3 |  3.3

Action                   |  1- 3 |  4- 6 |  7- 9 | 10-12 || total
-------------------------+-------+-------+-------+-------++-------
Melee: Dagger            |    43 |     2 |       |       ||    45
       Short sword       |       |    28 |   183 |    32 ||   243
 Fire: Hunting sling     |       |       |     5 |       ||     5
Throw: Stone             |     8 |     1 |     8 |     9 ||    26
       Javelin           |       |    15 |    38 |       ||    53
       Dart              |       |       |    28 |     3 ||    31
 Cast: Freeze            |    38 |     4 |     9 |     1 ||    52
       Frozen Ramparts   |     4 |    14 |    39 |     8 ||    65
       Ozocubu's Armour  |       |     1 |    37 |     4 ||    42
       Hailstorm         |       |       |    11 |    10 ||    21
       Searing Ray       |       |       |     3 |     1 ||     4
       Tukima's Dance    |       |       |       |     1 ||     1
 Abil: Hop               |       |     1 |       |     2 ||     3
  Use: Scroll            |     9 |     4 |     5 |     3 ||    21
       Potion            |     9 |     2 |     1 |     3 ||    15
Armor: Robe              |    15 |     9 |    78 |    33 ||   135
Dodge: Dodged            |    37 |    27 |   121 |    57 ||   242
